| TOP OF THE 1ST |
|
Fresno State University Bulldogs batting - Pitching for Rice University Owls : LHP Yee Koh
|
|
Pitching: LHP Yee Koh
|
|
|
Batting: LHB Vinny Rivera
|
0-0: Ball 1-0: Fly out, F8 (Flyball, 8LS, EV 83.8 MPH)
|
|
Batting: LHB Mike Roberts
|
0-0: Foul Ball, location: 2F 0-1: DOUBLE (Line Drive, 3D, EV 94.4 MPH) - OUT at third base trying to stretch hit.
|
|
Batting: RHB Tommy Tracy
|
0-0: Ball 1-0: Foul Ball, location: 2F 1-1: Swinging Strike 1-2: Strikes out looking
|
| Top of the 1st over - 0 runs, 1 hit, 0 errors, 0 left on base; Fresno State University 0 - Rice University 0 |
| BOTTOM OF THE 1ST |
|
Rice University Owls batting - Pitching for Fresno State University Bulldogs : LHP Alfredo Carranza
|
|
Pitching: LHP Alfredo Carranza
|
|
|
Batting: RHB Roberto Aispuro
|
0-0: Fly out, F7 (Flyball, 7S, EV 86.9 MPH)
|
|
Batting: RHB Tony Beaumond
|
0-0: Ball 1-0: Called Strike 1-1: Foul Ball, location: 2F 1-2: Ball 2-2: Ball 3-2: Strikes out swinging
|
|
Batting: RHB Dave Crouch
|
0-0: Ball 1-0: Ball 2-0: Foul Ball, location: 2F 2-1: Ball 3-1: Called Strike 3-2: SINGLE (Flyball, 8RS, EV 93.1 MPH)
|
|
Batting: RHB Tony Casas
|
0-0: Ball 1-0: Ball 2-0: Ball 3-0: Called Strike 3-1: Foul Ball, location: 2F 3-2: Foul Ball, location: 2F 3-2: Strikes out looking
|
| Bottom of the 1st over - 0 runs, 1 hit, 0 errors, 1 left on base; Fresno State University 0 - Rice University 0 |
| TOP OF THE 2ND |
|
Fresno State University Bulldogs batting - Pitching for Rice University Owls : LHP Yee Koh
|
|
Batting: RHB Wali Mulogo
|
0-0: Foul Ball, location: 2F 0-1: SINGLE (Groundball, 25, EV 68.1 MPH) (infield hit)
|
|
Batting: RHB Phil Hamby
|
0-0: Ball 1-0: Grounds into double play, 6-4-3 (Groundball, 6, EV 85.0 MPH)
|
|
Batting: RHB Andrew Pride
|
0-0: Called Strike 0-1: Swinging Strike 0-2: Strikes out looking
|
| Top of the 2nd over - 0 runs, 1 hit, 0 errors, 0 left on base; Fresno State University 0 - Rice University 0 |
| BOTTOM OF THE 2ND |
|
Rice University Owls batting - Pitching for Fresno State University Bulldogs : LHP Alfredo Carranza
|
|
Batting: RHB Logan Johnson
|
0-0: Called Strike 0-1: Swinging Strike 0-2: Foul Ball, location: 2F 0-2: Strikes out swinging
|
|
Batting: SHB Justin Towry
|
0-0: Swinging Strike 0-1: Swinging Strike 0-2: Strikes out looking
|
|
Batting: RHB Troy Trice
|
0-0: Swinging Strike 0-1: Ground out 6-3 (Groundball, 6, EV 83.1 MPH)
|
| Bottom of the 2nd over - 0 runs, 0 hits, 0 errors, 0 left on base; Fresno State University 0 - Rice University 0 |
| TOP OF THE 3RD |
|
Fresno State University Bulldogs batting - Pitching for Rice University Owls : LHP Yee Koh
|
|
Batting: RHB Ryan Miller
|
0-0: Fly out, F8 (Flyball, 8RD, EV 75.6 MPH)
|
|
Batting: SHB Andres Agudo
|
0-0: Ball 1-0: Ball 2-0: Ball 3-0: Base on Balls
|
|
Batting: SHB Jay Rook
|
0-0: Ball 1-0: Foul Ball, location: 2F 1-1: Ball 2-1: Foul Ball, location: 2F 2-2: Strikes out looking
|
|
Batting: LHB Vinny Rivera
|
0-0: Called Strike 0-1: SINGLE (Line Drive, 6MD, EV 98.8 MPH) Andres Agudo to second
|
|
Batting: LHB Mike Roberts
|
0-0: Foul Ball, location: 2F 0-1: SINGLE (Popup, 6MD, EV 55.6 MPH) Andres Agudo to third Vinny Rivera to second Runner from 3rd tries for Home, SAFE, throw by SS to home
|
|
Batting: RHB Tommy Tracy
|
0-0: Called Strike 0-1: Swinging Strike 0-2: Ball 1-2: Ball 2-2: Foul Ball, location: 2F 2-2: Ball 3-2: Base on Balls Vinny Rivera to third Mike Roberts to second
|
|
Batting: RHB Wali Mulogo
|
0-0: SINGLE (Flyball, 8RS, EV 96.9 MPH) Vinny Rivera scores Mike Roberts to third Tommy Tracy to second
|
|
Batting: RHB Phil Hamby
|
0-0: Ball 1-0: Ball 2-0: Fielders Choice at 2nd, 5-4 (Groundball, 56, EV 85.0 MPH)
|
| Top of the 3rd over - 2 runs, 3 hits, 0 errors, 3 left on base; Fresno State University 2 - Rice University 0 |
| BOTTOM OF THE 3RD |
|
Rice University Owls batting - Pitching for Fresno State University Bulldogs : LHP Alfredo Carranza
|
|
Batting: RHB Steve Goodall
|
0-0: Ball 1-0: Ball 2-0: Ball 3-0: Called Strike 3-1: Base on Balls
|
|
Batting: LHB Mason Duffy
|
0-0: Ball 1-0: Called Strike 1-1: Foul Ball, location: 2F 1-2: Fielders Choice at 2nd, 3-6 (Groundball, 34S, EV 91.9 MPH)
|
|
Batting: RHB Roberto Aispuro
|
0-0: Ball 1-0: Called Strike 1-1: DOUBLE (Groundball, 5L, EV 97.5 MPH) Mason Duffy to third
|
|
Batting: RHB Tony Beaumond
|
0-0: Called Strike 0-1: Foul Ball, location: 2F 0-2: Ball 1-2: Fly out, F8 (Flyball, 78D, EV 98.1 MPH) Runner from 3rd tags up, SCORES, throw by CF Roberto Aispuro to third
|
|
Batting: RHB Dave Crouch
|
0-0: Ball 1-0: Foul Ball, location: 2F 1-1: Swinging Strike 1-2: Foul Ball, location: 2F 1-2: Strikes out swinging
|
| Bottom of the 3rd over - 1 run, 1 hit, 0 errors, 1 left on base; Fresno State University 2 - Rice University 1 |
| TOP OF THE 4TH |
|
Fresno State University Bulldogs batting - Pitching for Rice University Owls : LHP Yee Koh
|
|
Batting: RHB Andrew Pride
|
0-0: Swinging Strike 0-1: Swinging Strike 0-2: Strikes out swinging
|
|
Batting: RHB Ryan Miller
|
0-0: Fly out, F9 (Flyball, 89M, EV 96.2 MPH)
|
|
Batting: SHB Andres Agudo
|
0-0: Ball 1-0: Called Strike 1-1: Ball 2-1: Swinging Strike 2-2: Strikes out swinging
|
| Top of the 4th over - 0 runs, 0 hits, 0 errors, 0 left on base; Fresno State University 2 - Rice University 1 |
| BOTTOM OF THE 4TH |
|
Rice University Owls batting - Pitching for Fresno State University Bulldogs : LHP Alfredo Carranza
|
|
Batting: RHB Tony Casas
|
0-0: Fly out, F4 (Flyball, 34D, EV 85.0 MPH)
|
|
Batting: RHB Logan Johnson
|
0-0: Called Strike 0-1: Ball 1-1: SOLO HOME RUN (Flyball, 78XD, EV 106.2 MPH), Distance : 411 ft
|
|
Batting: SHB Justin Towry
|
0-0: Called Strike 0-1: Ball 1-1: SINGLE (Groundball, P, EV 85.0 MPH) (infield hit)
|
|
Batting: RHB Troy Trice
|
0-0: Called Strike 0-1: Ball 1-1: Fly out, F8 (Flyball, 89D, EV 97.5 MPH)
|
|
Batting: RHB Steve Goodall
|
0-0: Called Strike 0-1: Swinging Strike 0-2: Foul Ball, location: 2F 0-2: Foul Ball, location: 2F 0-2: Ground out 4-3 (Groundball, 4, EV 92.5 MPH)
|
| Bottom of the 4th over - 1 run, 2 hits, 0 errors, 1 left on base; Fresno State University 2 - Rice University 2 |
| TOP OF THE 5TH |
|
Fresno State University Bulldogs batting - Pitching for Rice University Owls : LHP Yee Koh
|
|
Batting: SHB Jay Rook
|
0-0: Called Strike 0-1: Ball 1-1: Called Strike 1-2: Strikes out swinging
|
|
Batting: LHB Vinny Rivera
|
0-0: Called Strike 0-1: SINGLE (Line Drive, 34D, EV 101.9 MPH)
|
|
Batting: LHB Mike Roberts
|
0-0: Grounds into double play, 4-6-3 (Groundball, 4, EV 102.5 MPH)
|
| Top of the 5th over - 0 runs, 1 hit, 0 errors, 0 left on base; Fresno State University 2 - Rice University 2 |
| BOTTOM OF THE 5TH |
|
Rice University Owls batting - Pitching for Fresno State University Bulldogs : LHP Alfredo Carranza
|
|
Batting: LHB Mason Duffy
|
0-0: DOUBLE (Line Drive, 5D, EV 96.2 MPH)
|
|
Batting: RHB Roberto Aispuro
|
0-0: Foul Ball, location: 2F 0-1: Ball 1-1: Ground out 5-3 (Groundball, 56S, EV 65.6 MPH) Mason Duffy to third
|
|
Batting: RHB Tony Beaumond
|
0-0: Swinging Strike 0-1: Ball 1-1: Ball 2-1: Ground out 4-3 (Groundball, 4, EV 82.5 MPH)
|
|
Batting: RHB Dave Crouch
|
0-0: Called Strike 0-1: Reached on error, E6 (Groundball, 6, EV 85.0 MPH) Mason Duffy scores
|
|
Batting: RHB Tony Casas
|
0-0: Ball 1-0: Ball 2-0: SINGLE (Groundball, 4M, EV 100.6 MPH) (infield hit) Dave Crouch to second
|
|
Batting: RHB Logan Johnson
|
0-0: Called Strike 0-1: Foul Ball, location: 2F 0-2: Ball 1-2: Ball 2-2: Ball 3-2: Base on Balls Dave Crouch to third Tony Casas to second
|
|
Pitching: RHP Wally Dethridge
|
|
|
Batting: SHB Justin Towry
|
0-0: Fly out, F9 (Flyball, 9LM, EV 89.4 MPH)
|
| Bottom of the 5th over - 1 run, 2 hits, 1 error, 3 left on base; Fresno State University 2 - Rice University 3 |
| TOP OF THE 6TH |
|
Fresno State University Bulldogs batting - Pitching for Rice University Owls : LHP Yee Koh
|
|
Batting: RHB Tommy Tracy
|
0-0: Ball 1-0: Ball 2-0: Foul Ball, location: 2F 2-1: Ball 3-1: Base on Balls
|
|
Batting: RHB Wali Mulogo
|
0-0: Ball 1-0: Fly out, F8 (Flyball, 8LM, EV 82.5 MPH)
|
|
Batting: RHB Phil Hamby
|
0-0: Called Strike 0-1: Ball 1-1: Grounds into double play, 6-4-3 (Groundball, 6, EV 85.6 MPH)
|
| Top of the 6th over - 0 runs, 0 hits, 0 errors, 0 left on base; Fresno State University 2 - Rice University 3 |
| BOTTOM OF THE 6TH |
|
Rice University Owls batting - Pitching for Fresno State University Bulldogs : RHP Wally Dethridge
|
|
Batting: RHB Troy Trice
|
0-0: Swinging Strike 0-1: Ground out 4-3 (Groundball, 34D, EV 89.4 MPH)
|
|
Batting: RHB Steve Goodall
|
0-0: SINGLE (Flyball, 9S, EV 89.4 MPH)
|
|
Batting: LHB Mason Duffy
|
0-0: Ball 1-0: DOUBLE (Line Drive, 3D, EV 97.5 MPH) Steve Goodall to third
|
|
Batting: RHB Roberto Aispuro
|
0-0: Ball 1-0: Called Strike 1-1: Fly out, F8 (Line Drive, 8RD, EV 89.4 MPH) Runner from 3rd tags up, OUT at HOME! 8-2
|
| Bottom of the 6th over - 0 runs, 2 hits, 0 errors, 1 left on base; Fresno State University 2 - Rice University 3 |
| TOP OF THE 7TH |
|
Fresno State University Bulldogs batting - Pitching for Rice University Owls : LHP Yee Koh
|
|
Batting: RHB Andrew Pride
|
0-0: Ball 1-0: Swinging Strike 1-1: SINGLE (Groundball, 6MD, EV 102.5 MPH)
|
|
Batting: RHB Ryan Miller
|
0-0: Ball 1-0: Sac Bunt to P - play at first, batter OUT! 1-4 Andrew Pride to second
|
|
Pinch Hitting: RHB Juan Gallegos
|
0-0: Ball 1-0: Ball 2-0: Foul Ball, location: 2F 2-1: Swinging Strike 2-2: Ball 3-2: Foul Ball, location: 2F 3-2: Strikes out looking
|
|
Pitching: RHP Carlos Olbera
|
|
|
Batting: SHB Jay Rook
|
0-0: Fly out, F9 (Flyball, 9LS, EV 70.0 MPH)
|
| Top of the 7th over - 0 runs, 1 hit, 0 errors, 1 left on base; Fresno State University 2 - Rice University 3 |
| BOTTOM OF THE 7TH |
|
Rice University Owls batting - Pitching for Fresno State University Bulldogs : RHP Wally Dethridge
|
|
Now at 3B: Minoru Matsumoto
|
|
|
Batting: RHB Tony Beaumond
|
0-0: Foul Ball, location: 2F 0-1: Fly out, F7 (Line Drive, 7, EV 101.9 MPH)
|
|
Batting: RHB Dave Crouch
|
0-0: SINGLE (Groundball, 6D, EV 100.0 MPH)
|
|
Batting: RHB Tony Casas
|
0-0: SINGLE (Groundball, 4MD, EV 96.2 MPH) Dave Crouch to second
|
|
Batting: RHB Logan Johnson
|
0-0: Called Strike 0-1: Ball 1-1: Foul Ball, location: 2F 1-2: Ball 2-2: Foul Ball, location: 2F 2-2: Ball 3-2: Foul Ball, location: 2F 3-2: SINGLE (Line Drive, 4D, EV 101.2 MPH) Dave Crouch to third Tony Casas to second
|
|
Batting: SHB Justin Towry
|
0-0: Ball 1-0: Ball 2-0: Called Strike 2-1: Called Strike 2-2: Strikes out swinging
|
|
Batting: RHB Troy Trice
|
0-0: Ball 1-0: Called Strike 1-1: Ball 2-1: Fly out, F8 (Flyball, 8LD, EV 95.6 MPH)
|
| Bottom of the 7th over - 0 runs, 3 hits, 0 errors, 3 left on base; Fresno State University 2 - Rice University 3 |
| TOP OF THE 8TH |
|
Fresno State University Bulldogs batting - Pitching for Rice University Owls : RHP Carlos Olbera
|
|
Batting: LHB Vinny Rivera
|
0-0: Called Strike 0-1: Called Strike 0-2: Ball 1-2: Ground out 4-3 (Groundball, 4, EV 98.8 MPH)
|
|
Batting: LHB Mike Roberts
|
0-0: Ball 1-0: Called Strike 1-1: Fly out, F7 (Flyball, 78M, EV 92.5 MPH)
|
|
Batting: RHB Tommy Tracy
|
0-0: Called Strike 0-1: Ball 1-1: Foul Ball, location: 2F 1-2: Fly out, F8 (Flyball, 8LD, EV 94.4 MPH)
|
| Top of the 8th over - 0 runs, 0 hits, 0 errors, 0 left on base; Fresno State University 2 - Rice University 3 |
| BOTTOM OF THE 8TH |
|
Rice University Owls batting - Pitching for Fresno State University Bulldogs : RHP Wally Dethridge
|
|
Pitching: RHP Ryan Powers
|
|
|
Batting: RHB Steve Goodall
|
0-0: Ball 1-0: Fly out, F8 (Line Drive, 8LM, EV 86.2 MPH)
|
|
Batting: LHB Mason Duffy
|
0-0: Called Strike 0-1: Hit by Pitch
|
|
Batting: RHB Roberto Aispuro
|
0-0: Fielders Choice at 2nd, 4-6 (Groundball, 4, EV 83.1 MPH)
|
|
Batting: RHB Tony Beaumond
|
0-0: Called Strike 0-1: SINGLE (Groundball, 6, EV 95.6 MPH) Roberto Aispuro to second
|
|
Batting: RHB Dave Crouch
|
0-0: Fly out, F8 (Flyball, 8RD, EV 100.6 MPH)
|
| Bottom of the 8th over - 0 runs, 1 hit, 0 errors, 2 left on base; Fresno State University 2 - Rice University 3 |
| TOP OF THE 9TH |
|
Fresno State University Bulldogs batting - Pitching for Rice University Owls : RHP Carlos Olbera
|
|
Pitching: RHP Bobby Servin
|
|
|
Batting: RHB Wali Mulogo
|
0-0: Fly out, F8 (Flyball, 8RM, EV 88.8 MPH)
|
|
Batting: RHB Phil Hamby
|
0-0: Ball 1-0: Ball 2-0: Fly out, F6 (Popup, 6, EV 48.8 MPH)
|
|
Batting: RHB Andrew Pride
|
0-0: Ball 1-0: Called Strike 1-1: Ball 2-1: Ball 3-1: Foul Ball, location: 2F 3-2: SINGLE (Groundball, 56S, EV 63.8 MPH) (infield hit)
|
|
Batting: RHB Ryan Miller
|
0-0: Ball 1-0: Foul Ball, location: 2F 1-1: Fly out, F9 (Flyball, 9, EV 81.9 MPH)
|
| Top of the 9th over - 0 runs, 1 hit, 0 errors, 1 left on base; Fresno State University 2 - Rice University 3 |
|